 Dungeon Crawl Stone Soup version 0.29.1-12-g30fa7ad0bf (webtiles) character file.

Game seed: 577581408849985576

18 mopl the Magician (level 2, -1/17 HPs)
             Began as an Octopode Hedge Wizard on Jan 2, 2023.
             Slain by a jackal (2 damage)
             ... on level 1 of the Dungeon.
             The game lasted 00:00:52 (787 turns).

mopl the Magician (Octopode Hedge Wizard)            Turns: 787, Time: 00:00:52

Health: -1/17      AC:  1    Str:  9    XL:     2   Next: 70%
Magic:  6/6        EV: 13    Int: 16    God:
Gold:   128        SH:  0    Dex: 11    Spells: 6/7 levels left

rFire   . . .      SeeInvis .   b - staff of earth
rCold   . . .      Faith    .   (no shield)
rNeg    . . .      Spirit   .   e - +0 hat
rPois   .          Reflect  .   (no amulet)
rElec   .          Harm     .   (no ring)
rCorr   .          Rampage  .   (no ring)
Will    .....                   (no ring)
Stlth   +++.......              (no ring)
HPRegen 0.05/turn               (no ring)
MPRegen 0.10/turn               (no ring)
                                (no ring)
                                (no ring)

@: no status effects
A: almost no armour, amphibious, 8 rings, camouflage 1, gelatinous body 1,
(nimble swimmer 1), tentacles
a: no special abilities


You were on level 1 of the Dungeon.
You visited 1 branch of the dungeon, and saw 2 of its levels.

You collected 128 gold pieces.

Inventory:

Hand Weapons
 a - a +0 dagger
Armour
 e - a +0 hat (worn)
Magical Staves
 b - a staff of earth (weapon)
Potions
 c - a potion of magic
 d - a potion of brilliance {unknown}
 f - 2 potions of mutation {unknown}


   Skills:
 - Level 2.0 Dodging
 - Level 2.6 Stealth
 + Level 3.3 Spellcasting
 + Level 1.9 Conjurations
 - Level 1.0 Summonings
 - Level 1.0 Translocations
 + Level 0.2 Evocations


You had 6 spell levels left.
You knew the following spells:

 Your Spells              Type           Power      Damage    Failure   Level
a - Magic Dart            Conj           32%        1d4       9%          1

Your spell library contained the following spells:

 Spells                   Type           Power      Damage    Failure   Level
 Slow                     Hex            8%         N/A       19%         1
 Blink                    Tloc           10%        N/A       19%         2
 Call Imp                 Summ           5%         N/A       19%         2
 Conjure Flame            Conj/Fire      5%         6-21      36%         3
 Mephitic Cloud           Conj/Pois/Air  4%         N/A       38%         3


Dungeon Overview and Level Annotations

Branches:
Dungeon (2/15)

Altars:


Innate Abilities, Weirdness & Mutations

You cannot wear most types of armour.
You are amphibious.
You can wear up to eight rings at the same time.
Your skin changes colour to match your surroundings (Stealth+).
Your rubbery body absorbs attacks. (AC +1, EV +1)
((You are camouflaged when in or above water. (Stealth+)))
You have tentacles for arms and can constrict up to eight enemies at once.


Message History

You hit the jackal. Your grab misses the jackal.
Your squeeze misses the jackal.
The jackal is almost dead.
The jackal misses you.
A jackal comes into view.
The jackal bites you.
The jackal barks!
You hit the jackal but do no damage. Your grab misses the jackal.
You squeeze the jackal.
The jackal is almost dead.
The jackal closely misses you. x2
You barely miss the jackal. Your grab misses the jackal.
The jackal is almost dead.
The jackal bites you.
You hit the jackal.
You kill the jackal!
The jackal bites you.
You closely miss the jackal. You grab the jackal.
You constrict the jackal, but do no damage.
A jackal comes into view.
The jackal closely misses you. The jackal misses you. The jackal bites you.
The jackal barely misses you.
The jackal barks!
You hit the jackal but do no damage. You constrict the jackal.
The jackal bites you. x3
* * * LOW HITPOINT WARNING * * *
You are too injured to fight recklessly!
You are too injured to fight recklessly!
You hit the jackal.
You kill the jackal!
The jackal barely misses you.
The jackal barks!
You hit the jackal. Your grab misses the jackal.
The jackal is heavily wounded.
The jackal completely misses you. The jackal bites you.
* * * LOW HITPOINT WARNING * * *
You closely miss the jackal. You grab the jackal.
The jackal is heavily wounded.
You constrict the jackal. The jackal bites you.
You die...

# #...# # ##. #.
#...#.### #..
#..######...#.#...###..
......................
............#...#....
#.####......# ## ###..
#...........# #..
######.##.#.# .# ###
#@##.#.# .# #h##.#.#
##.# #h##.#.# #.. #####
#.##.#.# #.##.....
#(##.#.###.##.#.##
#.##..........#.##
#.####............ #.#
######.####.##
...............


You could see 2 jackals.

Vanquished Creatures
  2 endoplasms
  A goblin (D:1)
  2 hobgoblins (D:1)
  3 jackals (D:1)
  A quokka (D:1)
  2 ball pythons (D:1)
  A frilled lizard (D:1)
  3 kobolds (D:1)
  A rat (D:1)
  A toadstool (D:1)
17 creatures vanquished.

Vanquished Creatures (others)
  3 fungi (D:1)
  A toadstool (D:1)
4 creatures vanquished.

Grand Total: 21 creatures vanquished

Notes
Turn   | Place    | Note
-------+----------+-------------------------------------------
     0 | D:1      | mopl the Octopode Hedge Wizard began the quest for the Orb.
     0 | D:1      | Reached XP level 1. HP: 11/11 MP: 4/4
   337 | D:2      | Reached XP level 2. HP: 7/17 MP: 6/6
   787 | D:1      | Slain by a jackal

Illustrated notes

Levels and vault maps discovered:
D:1:      denvon_arrival_hothouse, layout_loops_ring, minmay_gold_behind_fungi
D:2:      layout_rooms

Action                   || total
-------------------------++-------
Melee: Dagger            ||    27
       Constrict         ||     7
       Tentacles         ||     6
       Staff             ||    13
 Stab: Sleeping          ||     5
       Distracted        ||     1
Dodge: Dodged            ||    23
